| TOP OF THE 1ST |
|
Burlington Royals batting - Pitching for Greeneville Astros : LHP Mark Sanders
|
|
Pitching: LHP Mark Sanders
|
|
|
Batting: RHB Tim Persson
|
0-0: SINGLE (Groundball, 6MS, EV 68.8 MPH) (infield hit)
|
|
Batting: LHB Ernesto Abreu
|
0-0: Ball Tim Persson steals 2nd base 1-0: Swinging Strike 1-1: Foul Ball, location: 2F 1-2: SINGLE (Line Drive, 89S, EV 89.4 MPH) Tim Persson to third Runner from 3rd tries for Home, SAFE, throw by RF to home Ernesto Abreu to second
|
|
Batting: SHB Manny Berrones
|
0-0: Ball 1-0: Ball 2-0: Ball 3-0: Called Strike 3-1: Fly out, F3 (Popup, 3F, EV 62.5 MPH)
|
|
Batting: SHB Danny Ballenger
|
0-0: Ball 1-0: Ball 2-0: Ball 3-0: Base on Balls
|
|
Batting: LHB Bobby Gonzalez
|
0-0: Ball Wild Pitch! Ernesto Abreu to third Danny Ballenger to second 1-0: Fly out, F9 (Flyball, 89D, EV 108.1 MPH) Runner from 3rd tags up, SCORES, no throw by RF
|
|
Batting: SHB Marcos Cortez
|
0-0: Foul Ball, location: 2F 0-1: Called Strike 0-2: Ball 1-2: Ground out 5-3 (Groundball, 56, EV 83.8 MPH)
|
| Top of the 1st over - 2 runs, 2 hits, 0 errors, 1 left on base; Burlington 2 - Greeneville 0 |
| BOTTOM OF THE 1ST |
|
Greeneville Astros batting - Pitching for Burlington Royals : RHP Matt Slater
|
|
Pitching: RHP Matt Slater
|
|
|
Batting: RHB Jason Monico
|
0-0: Ball 1-0: Ball 2-0: Called Strike 2-1: Ball 3-1: Base on Balls
|
|
Batting: RHB Nate Britton
|
0-0: Ball 1-0: Foul Ball, location: 2F 1-1: Fly out, F7 (Flyball, 7, EV 92.5 MPH)
|
|
Batting: RHB Ryan Salas
|
0-0: Called Strike Jason Monico steals 2nd base 0-1: Called Strike 0-2: Ball 1-2: Foul Ball, location: 2F 1-2: SINGLE (Line Drive, 7S, EV 98.8 MPH) Jason Monico to third
|
|
Batting: RHB Ramon Castellon
|
0-0: Called Strike 0-1: Ball 1-1: Swinging Strike 1-2: Ball 2-2: Foul Ball, location: 2F 2-2: Strikes out swinging
|
|
Batting: RHB Bruce Bermudez
|
0-0: Called Strike 0-1: Ball 1-1: Ball 2-1: Ball 3-1: Called Strike 3-2: Strikes out swinging
|
| Bottom of the 1st over - 0 runs, 1 hit, 0 errors, 2 left on base; Burlington 2 - Greeneville 0 |
| TOP OF THE 2ND |
|
Burlington Royals batting - Pitching for Greeneville Astros : LHP Mark Sanders
|
|
Batting: RHB Rob Ward
|
0-0: Swinging Strike 0-1: SINGLE (Flyball, 8RS, EV 92.5 MPH)
|
|
Batting: RHB Shane Bruce
|
0-0: Ball 1-0: Swinging Strike 1-1: Grounds into double play, 6-4-3 (Groundball, 6M, EV 85.0 MPH)
|
|
Batting: LHB Hyoji Kawabata
|
0-0: Ball 1-0: Ball 2-0: Swinging Strike 2-1: Foul Ball, location: 2F 2-2: Strikes out looking
|
| Top of the 2nd over - 0 runs, 1 hit, 0 errors, 0 left on base; Burlington 2 - Greeneville 0 |
| BOTTOM OF THE 2ND |
|
Greeneville Astros batting - Pitching for Burlington Royals : RHP Matt Slater
|
|
Batting: RHB Jorge Gutierrez
|
0-0: Called Strike 0-1: Foul Ball, location: 2F 0-2: Ball 1-2: Foul Ball, location: 2F 1-2: Strikes out swinging, 2-3 out at first.
|
|
Batting: LHB Josh Birkner
|
0-0: DOUBLE (Line Drive, 9LD, EV 96.9 MPH)
|
|
Batting: LHB Jimmy Edlin
|
0-0: Called Strike 0-1: Swinging Strike 0-2: Strikes out swinging
|
|
Batting: RHB Erik Smith
|
0-0: Called Strike 0-1: Called Strike 0-2: Foul Ball, location: 2F 0-2: Fly out, F8 (Line Drive, 8RD, EV 93.8 MPH)
|
| Bottom of the 2nd over - 0 runs, 1 hit, 0 errors, 1 left on base; Burlington 2 - Greeneville 0 |
| TOP OF THE 3RD |
|
Burlington Royals batting - Pitching for Greeneville Astros : LHP Mark Sanders
|
|
Batting: RHB Tim Persson
|
0-0: Called Strike 0-1: Ground out U3 (Groundball, 34, EV 90.0 MPH)
|
|
Batting: LHB Ernesto Abreu
|
0-0: Ball 1-0: Foul Ball, location: 2F 1-1: Called Strike 1-2: Ground out 4-3 (Groundball, 4, EV 91.3 MPH)
|
|
Batting: SHB Manny Berrones
|
0-0: Called Strike 0-1: Ball 1-1: Swinging Strike 1-2: Foul Ball, location: 2F 1-2: Foul Ball, location: 2F 1-2: Ball 2-2: Reached on error, E5 (Groundball, 56S, EV 83.1 MPH)
|
|
Batting: SHB Danny Ballenger
|
0-0: Called Strike 0-1: Swinging Strike 0-2: Ball 1-2: Foul Ball, location: 2F 1-2: Ball 2-2: Fielders Choice at 2nd, 6-4 (Groundball, 6, EV 91.3 MPH)
|
| Top of the 3rd over - 0 runs, 0 hits, 1 error, 1 left on base; Burlington 2 - Greeneville 0 |
| BOTTOM OF THE 3RD |
|
Greeneville Astros batting - Pitching for Burlington Royals : RHP Matt Slater
|
|
Batting: RHB Jason Monico
|
0-0: Fly out, F9 (Flyball, 89S, EV 73.1 MPH)
|
|
Batting: RHB Nate Britton
|
0-0: Ball 1-0: Foul Ball, location: 2F 1-1: Foul Ball, location: 2F 1-2: Foul Ball, location: 2F 1-2: Foul Ball, location: 2F 1-2: Foul Ball, location: 2F 1-2: Foul Ball, location: 2F 1-2: Fly out, F7 (Flyball, 78S, EV 90.0 MPH)
|
|
Batting: RHB Ryan Salas
|
0-0: Ball 1-0: SINGLE (Groundball, 34D, EV 101.9 MPH)
|
|
Batting: RHB Ramon Castellon
|
0-0: DOUBLE (Flyball, 7LD, EV 109.4 MPH) Ryan Salas to third Runner from 3rd tries for Home, SAFE, no throw by LF
|
|
Batting: RHB Bruce Bermudez
|
0-0: Ball 1-0: Swinging Strike 1-1: Ball 2-1: Foul Ball, location: 2F 2-2: Fly out, F6 (Flyball, 56D, EV 82.5 MPH)
|
| Bottom of the 3rd over - 1 run, 2 hits, 0 errors, 1 left on base; Burlington 2 - Greeneville 1 |
| TOP OF THE 4TH |
|
Burlington Royals batting - Pitching for Greeneville Astros : LHP Mark Sanders
|
|
Batting: LHB Bobby Gonzalez
|
0-0: Swinging Strike 0-1: Called Strike 0-2: Ground out U3 (Groundball, 3, EV 91.9 MPH)
|
|
Batting: SHB Marcos Cortez
|
0-0: Called Strike 0-1: Fly out, F8 (Flyball, 89M, EV 74.4 MPH)
|
|
Batting: RHB Rob Ward
|
0-0: Swinging Strike 0-1: Ball 1-1: Ball 2-1: Foul Ball, location: 2F 2-2: Ball 3-2: Base on Balls
|
|
Batting: RHB Shane Bruce
|
0-0: Foul Ball, location: 2F 0-1: Ball 1-1: Ball 2-1: Foul Ball, location: 2F 2-2: Fly out, F8 (Line Drive, 8RM, EV 90.6 MPH)
|
| Top of the 4th over - 0 runs, 0 hits, 0 errors, 1 left on base; Burlington 2 - Greeneville 1 |
| BOTTOM OF THE 4TH |
|
Greeneville Astros batting - Pitching for Burlington Royals : RHP Matt Slater
|
|
Batting: RHB Jorge Gutierrez
|
0-0: Called Strike 0-1: Foul Ball, location: 2F 0-2: Strikes out looking
|
|
Batting: LHB Josh Birkner
|
0-0: Ball 1-0: Foul Ball, location: 2F 1-1: Foul Ball, location: 2F 1-2: Foul Ball, location: 2F 1-2: Strikes out looking
|
|
Batting: LHB Jimmy Edlin
|
0-0: Ball 1-0: Swinging Strike 1-1: Foul Ball, location: 2F 1-2: Ball 2-2: SINGLE (Groundball, 6MD, EV 95.0 MPH)
|
|
Batting: RHB Erik Smith
|
0-0: Ball Jimmy Edlin steals 2nd base 1-0: SINGLE (Groundball, 56D, EV 106.9 MPH) Jimmy Edlin to third Runner from 3rd tries for Home, SAFE, throw by LF to home
|
|
Batting: RHB Jason Monico
|
0-0: Foul Ball, location: 2F 0-1: Ball 1-1: Foul Ball, location: 2F 1-2: SINGLE (Groundball, 56S, EV 98.8 MPH) Erik Smith to second
|
|
Batting: RHB Nate Britton
|
0-0: Called Strike 0-1: Ball 1-1: Foul Ball, location: 2F 1-2: Foul Ball, location: 2F 1-2: Ball 2-2: Ball 3-2: Foul Ball, location: 2F 3-2: Foul Ball, location: 2F 3-2: Base on Balls Erik Smith to third Jason Monico to second
|
|
Batting: RHB Ryan Salas
|
0-0: Ball 1-0: Ball 2-0: Fly out, F9 (Flyball, 9, EV 93.8 MPH)
|
| Bottom of the 4th over - 1 run, 3 hits, 0 errors, 3 left on base; Burlington 2 - Greeneville 2 |
| TOP OF THE 5TH |
|
Burlington Royals batting - Pitching for Greeneville Astros : LHP Mark Sanders
|
|
Pitching: RHP Oscar Andrade
|
|
|
Batting: LHB Hyoji Kawabata
|
0-0: Called Strike 0-1: Ball 1-1: Ball 2-1: Ground out 4-3 (Groundball, 4, EV 102.5 MPH)
|
|
Batting: RHB Tim Persson
|
0-0: TRIPLE (Line Drive, 78XD, EV 100.6 MPH)
|
|
Batting: LHB Ernesto Abreu
|
0-0: Ball 1-0: Ball 2-0: Swinging Strike 2-1: Called Strike 2-2: Strikes out swinging
|
|
Batting: SHB Manny Berrones
|
0-0: Ball 1-0: Ball 2-0: Ball 3-0: Called Strike 3-1: Base on Balls
|
|
Batting: SHB Danny Ballenger
|
0-0: Called Strike 0-1: Ball 1-1: Foul Ball, location: 2F 1-2: Ball Passed Ball! Tim Persson scores Manny Berrones to second 2-2: Strikes out swinging
|
| Top of the 5th over - 1 run, 1 hit, 0 errors, 1 left on base; Burlington 3 - Greeneville 2 |
| BOTTOM OF THE 5TH |
|
Greeneville Astros batting - Pitching for Burlington Royals : RHP Matt Slater
|
|
Batting: RHB Ramon Castellon
|
0-0: Called Strike 0-1: Ball 1-1: Ball 2-1: Ball 3-1: Base on Balls
|
|
Batting: RHB Bruce Bermudez
|
0-0: Ball 1-0: Swinging Strike 1-1: Swinging Strike Balk! Ramon Castellon to second 1-2: Foul Ball, location: 2F 1-2: Ball 2-2: Ground out 6-3 (Groundball, 6, EV 76.9 MPH)
|
|
Pitching: RHP Philip Terrell
|
|
|
Batting: RHB Jorge Gutierrez
|
0-0: Ball 1-0: Swinging Strike 1-1: Ball 2-1: Called Strike 2-2: Strikes out looking
|
|
Batting: LHB Josh Birkner
|
0-0: Foul Ball, location: 2F 0-1: Swinging Strike 0-2: Strikes out swinging
|
| Bottom of the 5th over - 0 runs, 0 hits, 0 errors, 1 left on base; Burlington 3 - Greeneville 2 |
| TOP OF THE 6TH |
|
Burlington Royals batting - Pitching for Greeneville Astros : RHP Oscar Andrade
|
|
Pitching: RHP Devin Spears
|
|
|
Batting: LHB Bobby Gonzalez
|
0-0: Ball 1-0: SINGLE (Groundball, 56, EV 103.1 MPH)
|
|
Batting: SHB Marcos Cortez
|
0-0: Called Strike 0-1: Ball 1-1: Fly out, F9 (Flyball, 89S, EV 90.6 MPH)
|
|
Batting: RHB Rob Ward
|
0-0: Ball Bobby Gonzalez steals 2nd base 1-0: Ball 2-0: Foul Ball, location: 2F 2-1: Ball 3-1: Called Strike 3-2: Foul Ball, location: 2F 3-2: Foul Ball, location: 2F 3-2: Base on Balls
|
|
Batting: RHB Shane Bruce
|
0-0: Ball 1-0: Grounds into double play, 5-4-3 (Groundball, 5, EV 86.9 MPH)
|
| Top of the 6th over - 0 runs, 1 hit, 0 errors, 1 left on base; Burlington 3 - Greeneville 2 |
| BOTTOM OF THE 6TH |
|
Greeneville Astros batting - Pitching for Burlington Royals : RHP Philip Terrell
|
|
Batting: LHB Jimmy Edlin
|
0-0: Ball 1-0: Ball 2-0: Foul Ball, location: 2F 2-1: Called Strike 2-2: Foul Ball, location: 2F 2-2: Foul Ball, location: 2F 2-2: SINGLE (Groundball, 56, EV 105.6 MPH)
|
|
Batting: RHB Erik Smith
|
0-0: Ball 1-0: Ball 2-0: Swinging Strike 2-1: Foul Ball, location: 2F 2-2: DOUBLE (Flyball, 89D, EV 92.5 MPH) Jimmy Edlin to third
|
|
Batting: RHB Jason Monico
|
0-0: Ball 1-0: Called Strike 1-1: Called Strike 1-2: Strikes out swinging
|
|
Batting: RHB Nate Britton
|
0-0: Ball 1-0: Foul Ball, location: 2F 1-1: Ball 2-1: DOUBLE (Line Drive, 78M, EV 103.8 MPH) Jimmy Edlin scores Erik Smith scores
|
|
Batting: RHB Ryan Salas
|
0-0: Ground out 6-3 (Groundball, 6, EV 105.0 MPH)
|
|
Pitching: RHP Ted Splawn
|
|
|
Batting: RHB Ramon Castellon
|
0-0: Foul Ball, location: 2F 0-1: Ball 1-1: Called Strike 1-2: Ball 2-2: Foul Ball, location: 2F 2-2: Strikes out looking
|
| Bottom of the 6th over - 2 runs, 3 hits, 0 errors, 1 left on base; Burlington 3 - Greeneville 4 |
| TOP OF THE 7TH |
|
Burlington Royals batting - Pitching for Greeneville Astros : RHP Devin Spears
|
|
Pitching: LHP Ruben Rojas
|
|
|
Batting: LHB Hyoji Kawabata
|
0-0: Called Strike 0-1: Ball 1-1: Called Strike 1-2: Ball 2-2: DOUBLE (Line Drive, 5D, EV 107.5 MPH)
|
|
Batting: RHB Tim Persson
|
0-0: Ball 1-0: Called Strike 1-1: Called Strike 1-2: Ball 2-2: Strikes out looking
|
|
Batting: LHB Ernesto Abreu
|
0-0: Ball 1-0: Ball 2-0: SINGLE (Line Drive, 7S, EV 95.0 MPH) Hyoji Kawabata to third Runner from 3rd tries for Home, SAFE, throw by LF to home
|
|
Batting: SHB Manny Berrones
|
0-0: Called Strike 0-1: DOUBLE (Line Drive, 7LM, EV 105.0 MPH) Ernesto Abreu to third Runner from 3rd tries for Home, SAFE, no throw by LF
|
|
Batting: SHB Danny Ballenger
|
0-0: Intentional Walk
|
|
Batting: LHB Bobby Gonzalez
|
0-0: Ball 1-0: Swinging Strike 1-1: Ball 2-1: Ball 3-1: Grounds into double play, 4-6-3 (Groundball, 4, EV 103.1 MPH)
|
| Top of the 7th over - 2 runs, 3 hits, 0 errors, 1 left on base; Burlington 5 - Greeneville 4 |
| BOTTOM OF THE 7TH |
|
Greeneville Astros batting - Pitching for Burlington Royals : RHP Ted Splawn
|
|
Batting: RHB Bruce Bermudez
|
0-0: Called Strike 0-1: Ball 1-1: Ball 2-1: Foul Ball, location: 2F 2-2: Foul Ball, location: 2F 2-2: Ball 3-2: Foul Ball, location: 2F 3-2: Strikes out swinging
|
|
Batting: RHB Jorge Gutierrez
|
0-0: Called Strike 0-1: Swinging Strike 0-2: Foul Ball, location: 2F 0-2: Ground out 5-3 (Groundball, 56, EV 78.1 MPH)
|
|
Batting: LHB Josh Birkner
|
0-0: Called Strike 0-1: Called Strike 0-2: Ball 1-2: Ball 2-2: Ball 3-2: Strikes out looking
|
| Bottom of the 7th over - 0 runs, 0 hits, 0 errors, 0 left on base; Burlington 5 - Greeneville 4 |
| TOP OF THE 8TH |
|
Burlington Royals batting - Pitching for Greeneville Astros : LHP Ruben Rojas
|
|
Pitching: RHP Calisto Morda
|
|
|
Batting: SHB Marcos Cortez
|
0-0: Called Strike 0-1: Ball 1-1: Foul Ball, location: 2F 1-2: Ball 2-2: Strikes out swinging
|
|
Batting: RHB Rob Ward
|
0-0: Ball 1-0: Foul Ball, location: 2F 1-1: Swinging Strike 1-2: Foul Ball, location: 2F 1-2: Ball 2-2: Strikes out swinging
|
|
Batting: RHB Shane Bruce
|
0-0: Ball 1-0: Ball 2-0: Ball 3-0: Swinging Strike 3-1: Called Strike 3-2: Foul Ball, location: 2F 3-2: Strikes out looking
|
| Top of the 8th over - 0 runs, 0 hits, 0 errors, 0 left on base; Burlington 5 - Greeneville 4 |
| BOTTOM OF THE 8TH |
|
Greeneville Astros batting - Pitching for Burlington Royals : RHP Ted Splawn
|
|
Batting: LHB Jimmy Edlin
|
0-0: Ball 1-0: Foul Ball, location: 2F 1-1: Ball 2-1: Foul Ball, location: 2F 2-2: Ball 3-2: Base on Balls
|
|
Pitching: RHP Junsuke Abe
|
|
|
Batting: RHB Erik Smith
|
0-0: Ball 1-0: Called Strike 1-1: Foul Ball, location: 2F 1-2: Ball 2-2: Ball 3-2: Strikes out looking
|
|
Batting: RHB Jason Monico
|
0-0: Ball 1-0: Foul Ball, location: 2F 1-1: Bunted foul 1-2: Ball 2-2: Grounds into double play, 6-4-3 (Groundball, 6, EV 83.1 MPH)
|
| Bottom of the 8th over - 0 runs, 0 hits, 0 errors, 0 left on base; Burlington 5 - Greeneville 4 |
| TOP OF THE 9TH |
|
Burlington Royals batting - Pitching for Greeneville Astros : RHP Calisto Morda
|
|
Batting: LHB Hyoji Kawabata
|
0-0: Foul Ball, location: 2F 0-1: Foul Ball, location: 2F 0-2: Foul Ball, location: 2F 0-2: Ball 1-2: Foul Ball, location: 2F 1-2: Ball 2-2: Strikes out swinging
|
|
Batting: RHB Tim Persson
|
0-0: Ball 1-0: Called Strike 1-1: Swinging Strike 1-2: Ball 2-2: Foul Ball, location: 2F 2-2: Foul Ball, location: 2F 2-2: Foul Ball, location: 2F 2-2: Strikes out swinging
|
|
Batting: LHB Ernesto Abreu
|
0-0: Called Strike 0-1: Called Strike 0-2: Strikes out swinging, 2-3 out at first.
|
| Top of the 9th over - 0 runs, 0 hits, 0 errors, 0 left on base; Burlington 5 - Greeneville 4 |
| BOTTOM OF THE 9TH |
|
Greeneville Astros batting - Pitching for Burlington Royals : RHP Junsuke Abe
|
|
Batting: RHB Nate Britton
|
0-0: Called Strike 0-1: Foul Ball, location: 2F 0-2: Ground out 4-3 (Groundball, 4S, EV 83.8 MPH)
|
|
Batting: RHB Ryan Salas
|
0-0: Called Strike 0-1: SINGLE (Line Drive, 8LM, EV 94.4 MPH)
|
|
Batting: RHB Ramon Castellon
|
0-0: Swinging Strike 0-1: Ball 1-1: Called Strike 1-2: Foul Ball, location: 2F 1-2: Strikes out swinging
|
|
Batting: RHB Bruce Bermudez
|
0-0: Fly out, F7 (Flyball, 7LM, EV 82.5 MPH)
|
| Bottom of the 9th over - 0 runs, 1 hit, 0 errors, 1 left on base; Burlington 5 - Greeneville 4 |
|